Map: Deathaura LE

Players

A.I. 1 (Hard)

  • Race: Protoss Protoss
  • Spawn Location: 11:00

laozi - Winner!

  • Race: Zerg Zerg
  • League: Diamond
  • Spawn Location: 5:00

VOD

Have the link to the VOD?

Description

zvp Oracle

Time

  • Played on: Feb. 19, 2021, 9:12 p.m.
  • Length: 10:29
Show
View Real Time Build Order
Export as new Build Order

A.I. 1 (Hard) Protoss 

Build Orders: 1 Gate Expand 

Get SALT Encoding   

  12  0:00  Probe  
  13  0:13  Probe  
  14  0:19  Pylon  
  14  0:25  Probe  
  15  0:33  Probe  
  15  0:41  Probe  
  17  0:50  Gateway  
  17  1:08  Probe, Nexus  
  18  1:28  Pylon  
  18  1:30  Assimilator  
  18  1:39  Zealot  
  20  1:42  Probe  
  20  1:43  Cybernetics Core  
  21  1:54  Probe  
  22  2:03  Probe  
  22  2:06  Gateway  
  23  2:12  Stalker, Assimilator  
  23  2:17  Probe  
  23  2:21  Pylon  
  26  2:24  Warp Gate  
  26  2:29  Probe  
  27  2:40  Zealot  
  29  2:53  Adept, Probe  
  29  2:55  Probe  
  33  3:05  Probe  
  34  3:07  Adept  
  34  3:11  Gateway  
  36  3:13  Adept  
  38  3:37  Adept  
  38  3:39  Probe  
  41  3:42  Probe  
  41  3:45  Stalker  
  44  3:50  Pylon  
  44  3:51  Probe  
  44  3:54  Probe  
  44  3:55  Sentry  
  48  4:03  Probe  
  48  4:05  Forge  
  49  4:11  Probe  
  49  4:15  Stalker, Probe  
  53  4:23  Probe x2  
  54  4:28  Zealot  
  57  4:31  Pylon, Probe  
  57  4:36  Probe  
  57  4:37  Protoss Ground Weapons Level 1  
  59  4:41  Adept  
  59  4:42  Probe  
  62  4:49  Probe  
  63  4:54  Adept, Probe  
  63  4:55  Pylon  
  66  5:02  Probe  
  66  5:07  Adept  
  69  5:10  Probe  
  69  5:14  Assimilator  
  69  5:17  Probe  
  69  5:18  Pylon, Probe  
  69  5:19  Adept  
  72  5:25  Probe  
  73  5:32  Sentry  
  73  5:34  Probe  
  76  5:35  Probe, Assimilator  
  76  5:37  Pylon  
  78  5:45  Stalker  
  78  5:47  Probe  
  80  5:53  Photon Cannon  
  80  5:55  Probe  
  81  5:58  Stalker  
  81  5:59  Robotics Facility  
  81  6:00  Probe  
  81  6:03  Pylon  
  84  6:07  Probe  
  84  6:10  Photon Cannon  
  84  6:11  Stalker  
  87  6:13  Probe  
  87  6:16  Probe  
  88  6:24  Stalker  
  88  6:25  Probe, Pylon  
  92  6:35  Protoss Ground Armor Level 1  
  92  6:46  Observer  
  92  6:48  Forge  
  92  7:06  Observer  
  92  8:17  Immortal  
  92  8:18  Stalker  
  78  8:27  Zealot  
  78  8:28  Pylon  
  60  8:40  Pylon, Zealot  
  51  8:52  Probe  
  51  8:53  Immortal  
  45  8:59  Stargate  
  45  9:02  Stalker  
  35  9:04  Probe  
  30  9:12  Adept  
  30  9:16  Probe  
  33  9:21  Stalker  
  5  9:44  Phoenix  
Show
View Real Time Build Order
Export as new Build Order

laozi Zerg - Winner!

Build Orders: Hatch First 

Get SALT Encoding   

  12  0:01  Drone  
  13  0:12  Overlord  
  13  0:17  Drone  
  14  0:31  Drone x2  
  16  0:47  Hatchery  
  15  0:50  Drone  
  15  0:54  Drone  
  17  1:01  Drone  
  18  1:09  Extractor  
  17  1:16  Spawning Pool  
  17  1:17  Drone  
  17  1:19  Drone  
  18  1:29  Drone  
  19  1:38  Drone  
  20  1:52  Overlord  
  20  2:02  Queen  
  20  2:03  Queen  
  20  2:04  Zergling x4  
  26  2:11  Drone  
  26  2:12  Drone  
  26  2:15  Metabolic Boost  
  28  2:24  Drone x2  
  30  2:35  Hatchery  
  29  2:44  Drone  
  29  2:45  Drone x2  
  29  2:46  Overlord  
  32  2:56  Overlord  
  32  3:00  Drone  
  33  3:07  Queen  
  33  3:09  Drone  
  33  3:11  Overlord  
  36  3:14  Queen  
  38  3:21  Drone x2  
  38  3:25  Drone  
  41  3:27  Drone  
  41  3:29  Overlord  
  42  3:36  Zergling x2  
  42  3:38  Zergling x2  
  44  3:44  Drone  
  44  3:45  Drone, Queen  
  48  3:50  Queen  
  48  3:54  Drone x3  
  52  4:01  Spore Crawler  
  51  4:08  Zergling x6  
  54  4:10  Zergling x2  
  54  4:14  Zergling x2  
  54  4:15  Drone x2  
  58  4:23  Lair  
  58  4:34  Extractor x2, Drone x7  
  58  4:35  Overlord, Drone  
  58  4:36  Overlord, Roach Warren  
  63  4:38  Overlord  
  63  4:55  Drone x3  
  63  4:59  Drone x2  
  68  5:03  Drone x2  
  68  5:05  Drone x5  
  75  5:18  Hatchery  
  74  5:24  Drone  
  74  5:25  Drone x2  
  74  5:27  Drone x5  
  82  5:30  Extractor x2  
  82  5:33  Extractor, Drone x4  
  82  5:34  Overlord  
  83  5:42  Drone x6  
  89  5:44  Overlord x2  
  89  6:07  Spore Crawler  
  89  6:08  Spore Crawler  
  89  6:10  Drone x2  
  89  6:12  Roach  
  89  6:13  Roach x11  
  89  6:14  Overlord x2  
  113  6:22  Evolution Chamber  
  113  6:23  Evolution Chamber  
  113  6:24  Drone  
  113  6:25  Drone  
  113  6:26  Overlord  
  113  6:39  Roach x8  
  129  6:47  Ravager  
  129  6:49  Ravager x10  
  129  6:51  Overlord  
  129  6:52  Overlord x2  
  141  6:54  Zergling x6  
  141  6:56  Overlord x2  
  141  7:00  Zerg Melee Weapons Level 1  
  141  7:01  Zerg Missile Weapons Level 1  
  143  7:05  Glial Reconstitution  
  143  7:10  Roach x3  
  143  7:12  Overlord  
  143  7:14  Drone x2  
  143  7:15  Drone x7  
  158  7:17  Extractor  
  158  7:18  Spore Crawler  
  158  7:19  Drone, Extractor  
  158  7:20  Drone x2  
  158  7:21  Drone  
  159  7:39  Zergling x2  
  159  7:40  Roach, Zergling x2  
  159  7:41  Roach x7, Overlord  
  159  7:42  Overlord  
  177  7:45  Drone  
  177  7:46  Hydralisk Den  
  177  8:07  Roach x5  
  177  8:08  Roach x6  
  177  8:09  Overlord  
  177  8:12  Infestation Pit, Spire  
  198  8:15  Drone  
  198  8:16  Drone  
  198  8:19  Spine Crawler  
  195  8:20  Spine Crawler  
  195  8:21  Roach x3  
  195  8:23  Overlord  
  195  8:24  Drone x3  
  195  8:26  Drone  
  193  8:38  Zergling x6  
  193  8:39  Zergling x8  
  199  8:45  Drone  
  199  9:09  Hatchery  
  192  9:15  Roach  
  192  9:16  Roach x3  
  199  9:33  Lurker Den  
  199  9:34  Overlord  
  199  9:37  Extractor  
  199  9:38  Overlord x2, Extractor  
Tags
 
Add a new tag
Caveats
  • Supply blocks, unpowered buildings, or Contaminate may cause inaccurate times.
  • Supply counts are checked every 10 seconds.